 Dungeon Crawl Stone Soup version 0.16.0-8-gd9ae3a8 (webtiles) character file.

6732 HungoverVic the Destroyer (level 10, -5/63 HPs)
             Began as a Mummy Wizard on Mar 16, 2015.
             Was an Elder of Ashenzari.
             Slain by a spiny frog (12 damage)
             ... on level 8 of the Dungeon.
             The game lasted 02:53:16 (19454 turns).

HungoverVic the Destroyer (Mummy Wizard)           Turns: 19454, Time: 02:53:16

Health: -5/63      AC:  5    Str: 10    XL:     10   Next: 75%
Magic:  20/20      EV: 13    Int: 20    God:    Ashenzari [****..]
Gold:   929        SH:  0    Dex: 10    Spells: 6 memorised, 3 levels left

rFire  . . .     SeeInvis +     t - +1 trident (pierce) (curse)
rCold  . . .     Clarity  +     a - +0 robe (curse)
rNeg   + + +     SustAb   .     (no shield)
rPois  ∞         Gourm    .     r - +0 helmet (curse)
rElec  .         Spirit   .     A - +0 cloak (curse)
rCorr  .         Warding  .     v - +0 pair of gloves (curse)
rMut   .         Stasis   .     (no boots)
MR     +....                    (no amulet)
Stlth  ++........               (no ring)
                                q - ring of fire (curse)

@: repel missiles, somewhat resistant to hostile enchantments, unstealthy
A: no food or potions, fire vulnerability, restore body, cold resistance 1,
negative energy resistance 3, poison resistance, torment resistance, unbreathing
a: Scrying, Renounce Religion


You were on level 8 of the Dungeon.
You worshipped Ashenzari.
Ashenzari was greatly pleased with you.
You were not hungry.

You visited 4 branches of the dungeon, and saw 14 of its levels.

You collected 929 gold pieces.

Inventory:

Hand weapons
 g - a +0 dagger of flaming
 l - a +0 spear
 t - a cursed +1 trident of piercing (weapon)
 y - a +0 hand axe of venom
 B - a +3 rapier
 D - a +1 trident of venom
 E - a +2 dagger of venom
 F - a +0 glaive
Missiles
 d - 43 stones
 j - 9 javelins (quivered)
Armour
 a - a cursed +0 robe (worn)
 b - a +0 hat
 r - a cursed +0 helmet (worn)
 v - a cursed +0 pair of gloves (worn)
 z - the cursed -1 leather armour "Nocahiaps" {+Fly Str-2 SInv}
   (You found it on level 7 of the Dungeon)

   It affects your strength (-2).
   It enhances your eyesight.
   It lets you fly.
   It has a curse placed upon it.
 A - a cursed +0 cloak (worn)
 C - a +1 cloak of poison resistance
Jewellery
 q - a cursed ring of fire (left hand)
Scrolls
 e - a scroll of fog
 f - a scroll of fear
 h - 2 scrolls of enchant weapon
 i - 2 scrolls of blinking
 k - 3 scrolls of teleportation
 m - 6 scrolls of identify
 n - 5 scrolls of curse jewellery
 o - a scroll of recharging
 p - 2 scrolls of enchant armour
 s - 2 scrolls of remove curse
 w - a scroll of curse weapon
 x - 2 scrolls of amnesia
Books
 c - a book of Minor Magic

   Spells                             Type                      Level
   a - Magic Dart                     Conjuration                  1
   b - Blink                          Translocation                2
   c - Call Imp                       Summoning                    2
   d - Repel Missiles                 Charms/Air                   2
   e - Slow                           Hexes                        2
   f - Conjure Flame                  Conjuration/Fire             3
   g - Mephitic Cloud                 Conjuration/Poison/Air       3
 u - a book of Debilitation

   Spells                             Type                      Level
   a - Corona                         Hexes                        1
   b - Slow                           Hexes                        2
   c - Inner Flame                    Hexes/Fire                   3
   d - Enslavement                    Hexes                        4
   e - Cause Fear                     Hexes                        4
   f - Leda's Liquefaction            Hexes/Earth                  4


   Skills:
 - Level 1.2(3.3) Polearms
 - Level 2.0(3.7) Dodging
 - Level 2.1(3.9) Stealth
 - Level 0.8 Unarmed Combat
 - Level 4.0 Spellcasting
 + Level 9.4 Conjurations
 - Level 7.0 Hexes
 - Level 2.4 Charms
   Level 0.7 Summonings
   Level 0.7 Translocations
 - Level 4.0 Air Magic
 - Level 4.2 Poison Magic
 - Level 1.0 Evocations


You had 3 spell levels left.
You knew the following spells:

 Your Spells              Type           Power        Failure   Level  Hunger
a - Magic Dart            Conj           ####         1%          1    N/A
b - Conjure Flame         Conj/Fire      ####....     8%          3    N/A
c - Mephitic Cloud        Conj/Pois/Air  ####....     4%          3    N/A
d - Repel Missiles        Chrm/Air       ###...       6%          2    N/A
e - Corona                Hex            ####...      1%          1    N/A
f - Enslavement           Hex            ####....     10%         4    N/A

Dungeon Overview and Level Annotations

Branches:
Dungeon (10/15)            Temple (1/1) D:6            Lair (1/8) D:8
    Orc (2/4) D:10

Altars:
Ashenzari
Cheibriados
Dithmenos
Elyvilon
Fedhas
Gozag
Kikubaaqudgha
Makhleb
Nemelex Xobeh
Okawaru
Qazlal
Ru
Sif Muna
Trog
Vehumet
Xom
Yredelemnul
Zin
The Shining One

Shops:
D:6 *   D:9 *?   Orc:1 *

Annotations:
D:3 Robin


Innate Abilities, Weirdness & Mutations

You do not eat or drink.
Your flesh is vulnerable to fire.
Your flesh is cold resistant.
You are immune to negative energy.
Your system is resistant to poisons.
You are immune to unholy pain and torment.
You can survive without breathing.


Message History

Casting: Corona
Confirm with . or Enter, or press ? or * to list all spells.
Aiming: Corona
Press: ? - help, Shift-Dir - straight line, f/p - spiny frog
Aim: a spiny frog (chance 71%)
The spiny frog is outlined in light.
The spiny frog completely misses you. The spiny frog barely misses you.
You barely miss the spiny frog. The spiny frog stings you.
You hit the spiny frog!
The spiny frog is moderately wounded.
The spiny frog closely misses you.
You hit the spiny frog.
The spiny frog is severely wounded.
The spiny frog stings you!!
* * * LOW HITPOINT WARNING * * *
The spiny frog stings you!
* * * LOW HITPOINT WARNING * * *
The spiny frog completely misses you. The spiny frog stings you!
You die...

#.........##############
###..###....# {## * ,,
#......#....#≈≈≈#≈≈#, ,,,,
#........#..#≈≈≈#≈≈#,
###.....##..#≈≈≈≈≈≈# ,
#####...>.###.#≈≈≈≈≈≈#,.≈
##.......#..##.#≈≈≈≈≈≈#.≈≈≈
#.........#F##†#≈≈≈≈§≈≈≈≈≈
≈
##.......##.@..#≈≈≈§§≈≈≈≈≈≈
####.....####.#≈≈≈#≈≈≈ ≈ #
#.##...###.#≈≈{# ≈ ≈≈##
#.##%#..>..#≈≈≈# ≈##≈
##..........##≈≈# ≈ *#≈≈
#...........##≈## * ##≈.
##.#.........###.#####*#...
#..####.<###.# ##....###...
##.## ###.###.# #....'.'...


You could see a spiny frog.

Vanquished Creatures
  A troll (D:10)
  A trapdoor spider zombie (D:10)
  A wyvern (D:8)
  2 hungry ghosts (D:10)
  A spriggan (D:9)
  2 deep elf magi
  5 yaks
  A hippogriff (D:10)
  A water moccasin (D:8)
  2 phantoms
  3 ice beasts
  A sky beast (D:8)
  A necrophage (D:8)
  7 ogres
  A wasp (D:8)
  4 black bears
  2 orc warriors (D:10)
  3 centaurs
  A crocodile (D:9)
  Blork the orc (D:5)
  A wyvern zombie (D:10)
  4 giant frogs
  5 scorpions
  7 crimson imps
  7 orc priests
  A centaur zombie (D:5)
  An iguana (D:6)
  2 hounds
  4 jellies
  4 worker ants
  12 orc wizards
  Jessica (D:3)
  A worker ant zombie (D:5)
  18 adders
  4 gnolls
  2 shadow imps
  3 worms
  An adder zombie (D:6)
  An adder skeleton (D:7)
  7 giant geckos
  2 oozes
  70 orcs
  6 giant cockroaches
  20 goblins
  15 hobgoblins
  24 kobolds
  6 quokkas
  4 ball pythons
  17 bats
  11 giant newts
  15 jackals
  2 jackal zombies (D:8)
  A quokka skeleton (D:5)
  19 rats
339 creatures vanquished.

Vanquished Creatures (collateral kills)
  An orc warrior (Orc:2)
  A crimson imp (D:10)
  An orc priest (Orc:1)
  A hound zombie (D:8)
  7 orcs
  2 goblins
13 creatures vanquished.

Vanquished Creatures (others)
  5 toadstools (D:1)
5 creatures vanquished.

Grand Total: 357 creatures vanquished

Notes
Turn   | Place    | Note
--------------------------------------------------------------
     0 | D:1      | HungoverVic, the Mummy Wizard, began the quest for the Orb.
     0 | D:1      | Reached XP level 1. HP: 13/13 MP: 4/4
    36 | D:1      | Reached skill level 1 in Conjurations
   282 | D:1      | Reached XP level 2. HP: 16/19 MP: 4/6
  1619 | D:1      | Reached XP level 3. HP: 24/24 MP: 3/7
  1661 | D:1      | Learned a level 3 spell: Conjure Flame
  1665 | D:1      | Learned a level 3 spell: Mephitic Cloud
  1904 | D:2      | Found a shattered altar of Ashenzari.
  1982 | D:2      | Became a worshipper of Ashenzari the Shackled
  2356 | D:2      | Reached XP level 4. HP: 30/30 MP: 3/9
  2418 | D:2      | Learned a level 2 spell: Repel Missiles
  2539 | D:2      | Found a glowing golden altar of the Shining One.
  2921 | D:3      | You fall through a shaft for 3 floors!
  2956 | D:5      | Entered Level 5 of the Dungeon
  3413 | D:3      | Noticed Jessica
  3419 | D:3      | Killed Jessica
  3419 | D:3      | Reached skill level 1 in Air Magic
  3675 | D:3      | Reached skill level 1 in Poison Magic
  3839 | D:3      | Noticed Robin
  3860 | D:2      | Reached XP level 5. HP: 23/35 MP: 3/11
  5438 | D:4      | Noticed an ogre
  5449 | D:4      | Killed an ogre
  5449 | D:4      | Reached XP level 6. HP: 41/41 MP: 5/12
  5504 | D:4      | Found a snail-covered altar of Cheibriados.
  6020 | D:4      | Found a shadowy altar of Dithmenos.
  6437 | D:5      | Reached XP level 7. HP: 20/46 MP: 11/14
  6644 | D:5      | Noticed Blork the orc
  6804 | D:5      | Killed Blork the orc
  7066 | D:5      | Learned a level 1 spell: Corona
  7170 | D:5      | Reached skill level 4 in Conjurations
  7520 | D:5      | Noticed a centaur
  7798 | D:5      | Killed a centaur
  8000 | D:5      | Found an iron altar of Okawaru.
  8013 | D:5      | Reached skill level 5 in Conjurations
  8474 | D:6      | Found a staircase to the Ecumenical Temple.
  8541 | D:6      | Found an opulent altar of Gozag.
  8616 | D:6      | Acquired Ashenzari's first power
  8795 | D:6      | Reached skill level 1 in Polearms
  9124 | D:6      | Found Ehiqut Epai's General Store.
  9136 | D:6      | Reached XP level 8. HP: 52/52 MP: 5/16
  9520 | D:6      | Found a blossoming altar of Fedhas.
  9567 | D:6      | Found a radiant altar of Vehumet.
  9931 | D:7      | Reached skill level 6 in Conjurations
 10049 | D:7      | Found a staircase to the Ecumenical Temple.
 10453 | D:7      | Identified the cursed -1 leather armour "Nocahiaps" {+Fly Str-2 SInv}
 10772 | D:8      | Found a sacrificial altar of Ru.
 10970 | D:8      | Reached skill level 1 in Hexes
 11487 | D:8      | Reached XP level 9. HP: 57/57 MP: 4/17
 11731 | D:8      | Found a staircase to the Lair.
 11836 | D:8      | Learned a level 4 spell: Enslavement
 11845 | D:8      | Found a sparkling altar of Nemelex Xobeh.
 12235 | D:9      | Found Nyquith's Magic Scroll Boutique.
 12235 | D:9      | Acquired Ashenzari's second power
 12235 | D:9      | Identified the +8 chain mail "Viunoyf" {rPois rN++ Slay+2}
 12261 | D:9      | Reached skill level 5 in Hexes
 12425 | D:9      | Identified the cursed -1 ring mail "Joext" {rPois rF+ MR- Str+5}
 13039 | Temple   | Entered the Ecumenical Temple
 13338 | D:8      | Reached skill level 1 in Evocations
 13346 | D:8      | Reached skill level 1 in Charms
 13868 | D:9      | Found Zin's Purification Station.
 13874 | D:9      | Found a glowing silver altar of Zin.
 14362 | D:9      | Reached skill level 7 in Conjurations
 14384 | D:9      | Reached XP level 10. HP: 63/63 MP: 1/18
 15764 | D:10     | Entered Level 10 of the Dungeon
 15869 | D:10     | Reached skill level 8 in Conjurations
 16912 | D:10     | Reached skill level 9 in Conjurations
 17161 | D:10     | Found a staircase to the Orcish Mines.
 17350 | Orc:1    | Entered Level 1 of the Orcish Mines
 17775 | Orc:1    | Found Psauxkar's Assorted Antiques.
 18138 | Orc:2    | Acquired Ashenzari's third power
 18935 | Orc:2    | Noticed an orc knight
 18936 | Orc:2    | Noticed an orc sorcerer
 19417 | Lair:1   | Entered Level 1 of the Lair of Beasts
 19454 | D:8      | Slain by a spiny frog

Action                   |  1- 3 |  4- 6 |  7- 9 | 10-12 || total
-------------------------+-------+-------+-------+-------++-------
Melee: Club              |     6 |       |       |       ||     6
       Unarmed           |     3 |       |       |       ||     3
       Dagger            |    27 |    32 |       |       ||    59
       Spear             |       |   114 |   353 |    49 ||   516
       Trident           |       |       |       |   148 ||   148
 Cast: Magic Dart        |    95 |   135 |   220 |   160 ||   610
       Mephitic Cloud    |     2 |    19 |    52 |    31 ||   104
       Conjure Flame     |       |     3 |    38 |    15 ||    56
       Repel Missiles    |       |     1 |     1 |     1 ||     3
       Corona            |       |       |     8 |    16 ||    24
       Enslavement       |       |       |     1 |    15 ||    16
  Use: Scroll            |       |     6 |     8 |     5 ||    19
 Stab: Confused          |     3 |     5 |    15 |    14 ||    37
       Sleeping          |       |     3 |     1 |       ||     4
